cohdb
Replays
Latest Replays
All Replays
Popular Replays
Top Player Replays
Match Explorer
How It Works
Community
CoH3 Stats
Reddit
Sign in to upload your games and track your stats! →
Sign in with Steam
Match 46033579
Unlisted
Match 46033579
Overview
Messages
Build Orders
End
Construct Weapon Support Center
Scout Squad
Selects Heavy Weapons
M1919 Machine Gun Team
M1919 Machine Gun Team
Engineer Squad
Construct Medical Station
Infantry Support Center
Engineer Squad
Bazooka Squad
M3 Armored Personnel Carrier
Selects M2HB .50cal Heavy Machine Gun
Selects Assault Carriers
M3 Assault Carrier
Selects Halftrack Strongpoints
Bazooka Squad
Scout Squad
M1919 Machine Gun Team
Construct Tank Depot
Sniper
M18 Hellcat Tank Destroyer
Scout Squad
Engineer Squad
Bazooka Squad
Selects Rapid Reposition
Selects Bolstered Team Weapons
Max1boy
蔚蓝之苍穹
0
0
Comments
sign in to comment!
No comments posted yet!